 Dungeon Crawl Stone Soup version 0.22-a0-369-gc73351f (webtiles) character file.

162 iamserjio the Sneak (level 5, -5/30 HPs)
             Began as a Kobold Enchanter on Apr 24, 2018.
             Killed by divine providence
             ... invoked by an orc priest
              (16 damage)
             ... on level 3 of the Dungeon.
             The game lasted 00:10:32 (3413 turns).

iamserjio the Sneak (Kobold Enchanter)              Turns: 3413, Time: 00:10:32

Health: -5/30      AC:  3    Str:  6    XL:     5   Next: 71%
Magic:  8/8        EV: 16    Int: 17    God:
Gold:   75         SH:  0    Dex: 15    Spells: 7/8 levels left

rFire    . . .     SeeInvis .   k - +2 hand axe (elec)
rCold    . . .     Gourm    .   (shield restricted)
rNeg     . . .     Faith    .   b - +0 robe
rPois    .         Spirit   .   (no helmet)
rElec    .         Reflect  .   (no cloak)
rCorr    .         Harm     .   j - +0 pair of gloves
MR       .....                  (no boots)
Stlth    +++.......             (no amulet)
HPRegen  0.10/turn              (no ring)
MPRegen  0.11/turn              (no ring)

@: no status effects
A: small, carnivore
a: no special abilities


You were on level 3 of the Dungeon.
You were completely stuffed.

You visited 1 branch of the dungeon, and saw 3 of its levels.

You collected 75 gold pieces.

Inventory:

Hand Weapons
 a - a +1 dagger
 i - a +0 short sword
 k - a +2 hand axe of electrocution (weapon)
 l - a cursed -1 hand axe
 o - a +3 dagger
 r - a cursed -2 dagger
 t - a cursed -3 dagger
Armour
 b - a +0 robe (worn)
 j - a +0 pair of gloves (worn)
 u - a +0 leather armour
Scrolls
 e - 2 scrolls of teleportation
 h - a scroll of random uselessness {unknown}
 q - a scroll of amnesia {unknown}
 s - a scroll of fog {unknown}
Potions
 c - a potion of agility
 f - a potion of degeneration {unknown}
 m - a potion of magic
 n - a potion of mutation {unknown}
 p - a potion of heal wounds {unknown}
Comestibles
 d - 3 rations
 g - 6 chunks of flesh


   Skills:
 + Level 1.9 Fighting
 * Level 3.9 Short Blades
 + Level 3.4 Dodging
 - Level 4.2 Stealth
 - Level 2.1 Spellcasting
 * Level 4.1 Hexes


You had 7 spell levels left.
You knew the following spells:

 Your Spells              Type           Power        Failure   Level  Hunger
a - Corona                Hex            ###....      3%          1    #......


Dungeon Overview and Level Annotations

Branches:
Dungeon (3/15)

Altars:
Fedhas
Ru


Innate Abilities, Weirdness & Mutations

You are small and have problems with some larger weapons.
You are carnivorous and can eat meat at any time.


Message History

You hit the orc.
The orc is heavily wounded.
You barely miss the orc. You closely miss the orc.
The orc priest miscasts a cantrip.
The orc closely misses you. The orc barely misses you.
The orc priest casts a cantrip, but nothing happens.
You slash the orc!
You kill the orc!
You hit the orc.
The orc is heavily wounded.
The orc misses you.
The orc priest casts a cantrip, but nothing happens.
The orc completely misses you.
You hit the orc. Lightning courses through the orc!
You kill the orc!
You closely miss the orc. The orc hits you with a mace!
The orc priest calls down the wrath of Beogh upon you.
Beogh smites you!
Ouch! That really hurt!
You die...

### #.. #.# #.# #.#
#.# #@# ###o# #..o#
##########†####
#.............########
#..........##r..o....o
#..........##.oo......
#..........##..o......
#
#..........##.#####..o


You could see an orc priest and an orc.

Vanquished Creatures
  2 orc priests
  2 adders (D:2)
  An ooze (D:1)
  2 dart slugs (D:1)
  A leopard gecko (D:1)
  11 orcs
  6 bats
  2 giant cockroaches
  8 goblins
  7 hobgoblins
  4 jackals (D:2)
  7 kobolds
  A quokka (D:2)
  A frilled lizard (D:2)
  6 rats
61 creatures vanquished.

Notes
Turn   | Place    | Note
-------+----------+-------------------------------------------
     0 | D:1      | iamserjio the Kobold Enchanter began the quest for the Orb.
     0 | D:1      | Reached XP level 1. HP: 10/10 MP: 3/3
   416 | D:1      | Reached XP level 2. HP: 15/16 MP: 1/5
   905 | D:1      | Reached XP level 3. HP: 5/20 MP: 3/6
  1207 | D:1      | Reached skill level 1 in Fighting
  2003 | D:2      | Reached XP level 4. HP: 5/25 MP: 7/7
  2863 | D:3      | Found a sacrificial altar of Ru.
  2867 | D:2      | Reached XP level 5. HP: 8/30 MP: 8/8
  3301 | D:3      | Found a blossoming altar of Fedhas.
  3413 | D:3      | Killed from afar by an orc priest

Vault maps used:
D:1:      sevenhm_arrival_forest_fort_small_5
D:2:      guppyfry_early_orc_mine
D:3:      lemuel_doored_altar, nicolae_overflow_crystal_walls,
          overflow_temple_1_default, first_ration

Skill      XL: |  1  2  3  4  5 |
---------------+----------------+-----
Short Blades   | 2 3 |  3.9
Fighting       | 1 |  1.9
Dodging        | 3 |  3.4
Hexes          | 4 |  4.1
Stealth        | |  4.2
Spellcasting   | |  2.1

Action                   |  1- 3 |  4- 6 || total
-------------------------+-------+-------++-------
Melee: Dagger            |   129 |       ||   129
       Hand axe          |    10 |    89 ||    99
 Cast: Corona            |    22 |     1 ||    23
  Use: Scroll            |     4 |     2 ||     6
       Potion            |       |     2 ||     2
 Stab: Sleeping          |     5 |     1 ||     6
  Eat: Chunk             |    10 |     7 ||    17
Armor: Robe              |    22 |    12 ||    34
Dodge: Dodged            |   123 |    83 ||   206

Table legend:
 A = Spawn XP
 B = Non-spawn XP
 C = Spawn XP percentage of total XP
 D = Spawn monster count
 E = Non-spawn monster count
 F = Spawn count percentage of total count
 G = Total turns spent on level
                    A         B        C        D         E        F      G
               +---------+---------+-------+---------+---------+-------+---------
         Total |       0 |     232 |   0.0 |       0 |      61 |   0.0 |  3413
               +---------+---------+-------+---------+---------+-------+---------
           D:1 |       0 |      52 |   0.0 |       0 |      24 |   0.0 |  1962
           D:2 |       0 |     116 |   0.0 |       0 |      27 |   0.0 |  1115
           D:3 |       0 |      64 |   0.0 |       0 |      10 |   0.0 |   336
               +---------+---------+-------+---------+---------+-------+---------
